Map: Яганната РВ

Players

Hawk - Winner!

  • Race: Protoss Protoss
  • League: Grandmaster
  • Spawn Location: 1:00

lIIlllIIIlIl

  • Race: Zerg Zerg
  • Spawn Location: 7:00

VOD

Have the link to the VOD?

Description

Time

  • Played on: Jan. 20, 2021, 4:45 a.m.
  • Length: 18:06
Show
View Real Time Build Order
Export as new Build Order

Hawk Protoss - Winner!

Build Orders: Nexus First, Carriers 

Get SALT Encoding   

  12  0:00  Probe  
  13  0:12  Probe  
  14  0:18  Pylon  
  14  0:24  Probe  
  15  0:36  Probe  
  16  0:48  Probe  
  17  1:01  Nexus  
  17  1:04  Probe  
  18  1:15  Gateway  
  18  1:18  Probe (Chrono Boost)  
  19  1:27  Assimilator  
  19  1:29  Probe (Chrono Boost)  
  19  1:31  Assimilator  
  20  1:34  Probe (Chrono Boost)  
  21  1:41  Pylon  
  21  1:45  Probe (Chrono Boost)  
  22  1:53  Probe (Chrono Boost)  
  23  1:59  Probe (Chrono Boost)  
  24  2:02  Cybernetics Core  
  24  2:07  Zealot  
  26  2:11  Probe (Chrono Boost)  
  28  2:18  Probe (Chrono Boost)  
  28  2:19  Probe (Chrono Boost)  
  29  2:25  Probe  
  29  2:26  Probe  
  31  2:36  Adept (Chrono Boost)  
  31  2:37  Probe  
  31  2:38  Probe  
  31  2:40  Stargate  
  35  2:49  Probe  
  35  2:50  Probe  
  37  3:00  Protoss Air Weapons Level 1  
  37  3:01  Probe  
  37  3:02  Probe  
  37  3:03  Shield Battery  
  37  3:05  Sentry  
  41  3:08  Pylon  
  41  3:13  Probe  
  41  3:16  Probe  
  41  3:17  Assimilator  
  41  3:19  Assimilator  
  43  3:25  Void Ray (Chrono Boost), Probe  
  44  3:28  Probe  
  49  3:38  Probe  
  49  3:40  Pylon  
  49  3:41  Probe  
  51  3:50  Probe  
  51  3:53  Probe  
  53  4:00  Void Ray, Nexus  
  53  4:05  Probe  
  53  4:06  Probe  
  59  4:11  Pylon  
  59  4:17  Pylon, Probe  
  59  4:18  Probe  
  61  4:30  Stargate, Probe  
  61  4:31  Stargate, Probe  
  63  4:37  Void Ray  
  63  4:38  Assimilator  
  63  4:40  Assimilator  
  63  4:42  Probe  
  68  4:48  Robotics Facility  
  68  4:52  Probe  
  69  4:55  Probe  
  70  5:08  Probe x2  
  70  5:13  Probe  
  73  5:20  Probe  
  73  5:21  Void Ray (Chrono Boost)  
  78  5:23  Probe  
  78  5:27  Probe  
  80  5:30  Void Ray x2 (Chrono Boost)  
  80  5:32  Probe  
  80  5:35  Probe  
  80  5:38  Shield Battery  
  80  5:40  Probe  
  90  5:47  Robotics Bay, Pylon  
  90  5:49  Robotics Facility  
  90  5:50  Pylon  
  91  5:57  Probe x3  
  91  6:02  Pylon  
  93  6:06  Void Ray (Chrono Boost)  
  93  6:07  Void Ray (Chrono Boost)  
  93  6:10  Void Ray (Chrono Boost)  
  101  6:11  Probe  
  101  6:13  Pylon  
  106  6:28  Probe  
  106  6:30  Shield Battery  
  107  6:33  Shield Battery, Colossus (Chrono Boost)  
  107  6:36  Colossus (Chrono Boost)  
  119  6:44  Pylon  
  119  6:50  Pylon  
  113  7:13  Colossus (Chrono Boost)  
  113  7:15  Colossus (Chrono Boost)  
  113  7:33  Probe  
  113  7:35  Cybernetics Core  
  115  7:37  Fleet Beacon, Probe  
  115  7:39  Probe  
  115  7:42  Pylon  
  115  7:44  Forge  
  116  7:45  Probe  
  116  7:49  Probe  
  116  7:51  Probe  
  118  7:56  Extended Thermal Lance  
  118  7:57  Probe  
  118  7:58  Pylon  
  119  8:00  Nexus, Pylon  
  119  8:01  Probe  
  119  8:03  Probe  
  119  8:04  Colossus  
  127  8:06  Colossus  
  127  8:10  Probe  
  134  8:13  Probe  
  134  8:14  Pylon  
  134  8:15  Probe  
  136  8:22  Probe  
  136  8:25  Photon Cannon, Probe  
  150  8:27  Probe  
  150  8:29  Carrier x2 (Chrono Boost)  
  150  8:31  Carrier (Chrono Boost)  
  157  8:42  Probe x2  
  157  8:44  Assimilator  
  157  8:46  Shield Battery  
  159  8:49  Assimilator, Probe  
  159  8:53  Photon Cannon  
  159  8:54  Probe  
  159  8:55  Photon Cannon  
  161  8:56  Probe  
  162  9:05  Protoss Air Weapons Level 2 (Chrono Boost)  
  162  9:16  Nexus  
  160  9:19  Photon Cannon  
  160  9:21  Photon Cannon  
  160  9:22  Photon Cannon  
  160  9:41  Pylon  
  160  9:42  Pylon  
  160  9:49  Carrier (Chrono Boost)  
  165  9:56  Carrier (Chrono Boost)  
  165  9:58  Carrier (Chrono Boost)  
  177  10:09  Observer  
  177  10:10  Observer  
  179  10:18  Pylon  
  179  10:19  Pylon  
  179  10:21  Pylon  
  179  10:22  Mothership (Chrono Boost), Nexus  
  179  10:23  Pylon x2  
  179  10:28  Photon Cannon  
  187  10:40  Void Ray  
  187  10:47  Void Ray  
  187  10:49  Void Ray  
  191  10:53  Photon Cannon  
  191  10:54  Photon Cannon  
  191  10:56  Photon Cannon  
  199  11:06  Shield Battery  
  199  11:08  Assimilator  
  199  11:13  Assimilator  
  199  11:14  Pylon  
  199  11:18  Photon Cannon  
  199  11:22  Photon Cannon  
  199  11:27  Photon Cannon  
  199  11:28  Protoss Air Weapons Level 3 (Chrono Boost)  
  199  11:29  Photon Cannon  
  199  11:33  Photon Cannon  
  199  12:05  Stargate  
  199  12:07  Stargate  
  199  12:10  Stargate  
  199  12:13  Stargate  
  194  12:15  Stargate  
  194  12:17  Stargate  
  187  12:34  Carrier x2 (Chrono Boost)  
  191  12:41  Carrier (Chrono Boost)  
  191  12:46  Nexus  
  189  12:57  Nexus  
  189  12:58  Pylon  
  189  13:04  Assimilator  
  188  13:09  Forge  
  200  13:20  Void Ray x3 (Chrono Boost)  
  185  14:06  Void Ray x3  
  185  14:07  Void Ray  
  193  14:21  Void Ray  
  182  14:33  Void Ray (Chrono Boost)  
  177  15:12  Probe x2  
  177  15:13  Probe  
  180  15:14  Probe  
  175  15:31  Observer (Chrono Boost)  
  175  15:32  Observer (Chrono Boost)  
  177  15:38  Probe  
  177  15:41  Probe  
  179  15:57  Probe x2  
  179  15:58  Probe x2  
  183  16:09  Probe  
  183  16:10  Mothership  
  176  16:36  Probe  
  159  16:51  Void Ray x3  
  149  17:11  Probe x3  
  132  17:48  Probe x2  
Show
View Real Time Build Order
Export as new Build Order

lIIlllIIIlIl Zerg 

Build Orders: Hatch First 

Get SALT Encoding   

  12  0:00  Drone  
  13  0:12  Overlord  
  13  0:16  Drone  
  14  0:30  Drone x2  
  16  0:47  Hatchery  
  15  0:50  Drone  
  15  0:53  Drone  
  17  0:57  Drone  
  18  1:07  Extractor  
  17  1:13  Spawning Pool  
  17  1:16  Drone  
  17  1:19  Drone  
  18  1:28  Drone  
  19  1:41  Drone  
  20  1:48  Hatchery  
  20  1:53  Drone  
  22  2:01  Queen  
  22  2:07  Queen  
  24  2:10  Drone  
  24  2:14  Drone  
  26  2:19  Overlord  
  26  2:23  Zergling x2  
  26  2:25  Drone  
  28  2:30  Metabolic Boost  
  28  2:37  Drone x2  
  28  2:43  Queen  
  32  2:49  Drone x2  
  34  2:52  Overlord  
  34  2:54  Drone  
  34  2:57  Drone  
  36  3:03  Queen  
  38  3:08  Zergling x4  
  39  3:13  Drone x3  
  39  3:15  Drone  
  39  3:17  Drone  
  39  3:19  Drone  
  45  3:27  Overlord, Drone  
  45  3:28  Drone x2  
  45  3:32  Drone x2  
  50  3:37  Overlord  
  50  3:43  Overlord  
  50  3:45  Drone  
  50  3:46  Drone  
  52  3:51  Overlord, Drone x2  
  53  3:55  Zergling x2  
  53  3:56  Zergling x4  
  53  3:57  Drone x2  
  53  3:58  Drone  
  59  4:04  Lair, Drone  
  59  4:05  Drone  
  61  4:10  Extractor x2  
  61  4:11  Evolution Chamber  
  61  4:12  Extractor, Drone  
  58  4:17  Overlord  
  58  4:18  Drone x2  
  58  4:23  Drone x2  
  58  4:24  Drone  
  63  4:25  Drone x3  
  63  4:29  Drone  
  63  4:30  Drone x3  
  70  4:31  Drone  
  70  4:32  Drone  
  70  4:37  Zerg Missile Weapons Level 1  
  72  4:43  Drone x2  
  74  4:49  Extractor  
  74  4:50  Extractor  
  74  4:51  Hatchery  
  74  4:52  Drone x2  
  73  4:53  Drone  
  73  4:56  Drone x3  
  73  4:57  Drone x2  
  79  5:03  Overlord  
  79  5:06  Overlord  
  79  5:08  Hydralisk Den  
  79  5:10  Overlord  
  78  5:15  Overlord  
  78  5:24  Overlord  
  77  5:38  Muscular Augments, Hydralisk  
  77  5:39  Hydralisk x11  
  100  5:45  Overlord  
  100  5:47  Hydralisk x2  
  104  5:51  Overlord  
  104  5:52  Overlord, Hydralisk  
  104  5:56  Hydralisk  
  108  6:00  Hydralisk  
  108  6:01  Hydralisk  
  112  6:04  Overlord, Hydralisk  
  112  6:07  Hydralisk  
  116  6:13  Hydralisk  
  116  6:14  Zergling x6  
  121  6:19  Hydralisk  
  121  6:20  Hydralisk, Zergling x2  
  121  6:21  Zergling x2  
  127  6:26  Hydralisk x2  
  127  6:28  Hydralisk  
  127  6:32  Zergling x10  
  138  6:36  Hydralisk  
  138  6:37  Hydralisk  
  142  6:40  Overlord  
  142  6:44  Hydralisk x2  
  146  6:50  Grooved Spines  
  146  6:52  Zerg Missile Weapons Level 2  
  144  6:58  Hydralisk x3  
  142  7:02  Hydralisk  
  135  7:12  Hydralisk x3  
  132  7:27  Drone  
  132  7:28  Spire, Drone x13  
  133  7:37  Infestation Pit  
  133  7:43  Drone  
  133  7:44  Extractor x2, Drone x2  
  134  7:45  Drone x3  
  134  7:47  Hydralisk x4  
  134  7:48  Hydralisk x2  
  147  7:52  Overlord x3  
  147  8:00  Overlord  
  147  8:01  Overlord  
  147  8:15  Infestor x2  
  147  8:16  Overlord  
  147  8:17  Zergling x2  
  147  8:18  Zergling x10  
  157  8:22  Hive, Hatchery  
  156  8:28  Hydralisk x2  
  156  8:29  Zergling x10  
  165  8:36  Hydralisk x4  
  173  8:44  Hydralisk  
  173  8:45  Hydralisk x2, Zergling x2  
  173  8:46  Zergling x6  
  183  8:55  Infestor  
  185  8:56  Infestor  
  187  9:08  Zerg Ground Armor Level 1  
  180  9:14  Hydralisk x3  
  180  9:15  Hydralisk x5  
  195  9:25  Spire  
  194  9:34  Extractor  
  194  9:36  Adrenal Glands  
  193  9:39  Extractor  
  192  9:47  Evolution Chamber  
  178  10:06  Viper x3  
  187  10:10  Drone x3  
  187  10:11  Drone x3  
  193  10:20  Drone x2  
  193  10:21  Drone x2  
  196  10:22  Drone x2  
  196  10:25  Spore Crawler x2  
  196  10:26  Spore Crawler x2  
  196  10:27  Spore Crawler  
  196  10:28  Spore Crawler  
  193  10:29  Greater Spire, Spore Crawler x2  
  193  10:30  Spore Crawler x4  
  193  10:32  Spore Crawler  
  193  10:33  Zerg Melee Weapons Level 1  
  186  10:37  Drone x4  
  186  10:38  Drone  
  186  10:39  Drone x7  
  198  10:44  Spore Crawler  
  198  10:45  Spore Crawler  
  198  10:49  Spore Crawler  
  195  10:50  Spore Crawler x2  
  195  10:51  Spore Crawler x3  
  195  10:56  Neural Parasite, Burrow  
  190  11:02  Zerg Missile Weapons Level 3  
  190  11:11  Lurker Den  
  189  11:12  Drone  
  189  11:13  Drone  
  191  11:22  Spore Crawler  
  191  11:24  Spore Crawler x2  
  188  11:27  Zerg Flyer Weapons Level 1  
  188  11:29  Spore Crawler  
  182  11:46  Zerg Flyer Armor Level 1  
  182  11:47  Corruptor x8  
  198  12:06  Hatchery  
  191  12:21  Hydralisk  
  191  12:22  Hydralisk x4  
  185  12:26  Zerg Ground Armor Level 2  
  183  12:35  Corruptor x10  
  183  12:36  Corruptor x4  
  183  12:51  Overseer x10  
  181  12:54  Pneumatized Carapace  
  179  13:02  Hydralisk x4  
  187  13:08  Hydralisk x2  
  191  13:20  Hydralisk x4  
  199  13:39  Zerg Melee Weapons Level 2  
  199  13:43  Zerg Flyer Weapons Level 2  
  199  13:44  Zerg Flyer Armor Level 2  
  180  13:58  Corruptor  
  180  13:59  Corruptor x7  
  189  14:04  Corruptor x2  
  166  14:21  Hydralisk x8  
  160  14:37  Hydralisk  
  160  14:38  Hydralisk x7  
  159  14:48  Overlord x4  
  159  14:52  Overlord  
  155  14:58  Overseer  
  147  15:06  Overlord x2  
  131  15:19  Viper x4  
  143  15:29  Drone x12  
  143  15:30  Drone  
  143  15:34  Corruptor  
  158  15:40  Viper x2  
  164  15:47  Overseer x3, Overlord  
  164  15:48  Overlord  
  164  16:07  Hydralisk  
  164  16:08  Hydralisk x7  
  176  16:22  Corruptor x4  
  159  16:34  Corruptor x2  
  106  17:08  Corruptor  
  106  17:09  Corruptor x4  
Tags
 
Add a new tag
Caveats
  • Supply blocks, unpowered buildings, or Contaminate may cause inaccurate times.
  • Supply counts are checked every 10 seconds.